 Dungeon Crawl Stone Soup version 0.16.2-2-g470672f (webtiles) character file.

48 monobi the Poker (level 3, 0/28 HPs)
             Began as a Demonspawn Gladiator on Sept 3, 2015.
             Killed by nerve-wracking pain
             ... invoked by Jessica
              (14 damage)
             ... on level 2 of the Dungeon.
             The game lasted 00:05:11 (1160 turns).

monobi the Poker (Demonspawn Gladiator)             Turns: 1160, Time: 00:05:12

Health: 0/28       AC:  9    Str: 16    XL:     3   Next: 50%
Magic:  3/3        EV:  9    Int:  9    God:
Gold:   91         SH:  0    Dex: 13    Spells: 0 memorised, 2 levels left

rFire  . . .     SeeInvis .     a - +0 trident
rCold  . . .     Clarity  .     m - +0 chain mail
rNeg   . . .     SustAb   .     (no shield)
rPois  .         Gourm    .     c - +0 helmet
rElec  .         Spirit   .     (no cloak)
rCorr  .         Warding  .     (no gloves)
rMut   .         Stasis   .     (no boots)
MR     .....                    i - amulet of regeneration
Stlth  ..........               (no ring)
                                (no ring)

@: not resistant to hostile enchantments, extremely unstealthy
A: repulsion field 1, powered by pain 1
a: no special abilities


You were on level 2 of the Dungeon.
You were not hungry.

You visited 1 branch of the dungeon, and saw 2 of its levels.

You collected 91 gold pieces.

Inventory:

Hand weapons
 a - a +0 trident (weapon)
 p - a +1 dagger of venom
Missiles
 d - 3 throwing nets (quivered)
 g - 4 javelins
Armour
 c - a +0 helmet (worn)
 m - a +0 chain mail (worn)
Jewellery
 i - an amulet of regeneration (around neck)
Magical devices
 q - a wand of polymorph (10)
Scrolls
 b - a scroll of identify {unknown}
 e - a scroll of blinking {unknown}
 h - a scroll of remove curse {unknown}
 k - a scroll of noise {unknown}
 l - a scroll of fear {unknown}
 n - a scroll of amnesia {unknown}
Comestibles
 f - 2 bread rations
 o - a meat ration


   Skills:
 + Level 2.4 Fighting
 * Level 3.3 Polearms
 - Level 1.8 Throwing
 + Level 0.1 Armour
 + Level 3.3 Dodging


You had 2 spell levels left.
You didn't know any spells.

Dungeon Overview and Level Annotations

Branches:
Dungeon (2/15)

Altars:
Ru

Annotations:
D:2 Jessica


Innate Abilities, Weirdness & Mutations

You are surrounded by a mild repulsion field (EV +2).
You sometimes gain a little power by taking damage.


Message History

The quokka is severely wounded.
The quokka closely misses you.
You barely miss the quokka.
The quokka is severely wounded.
The quokka barely misses you.
You hit the quokka.
You kill the quokka!
Jessica barely misses you.
You hit Jessica but do no damage. Jessica hits you but does no damage.
Your chain mail prevents you from hitting Jessica.
Jessica gestures at you while chanting. Pain shoots through your body!
Drink which item? (? for menu, Esc to quit)
It was a potion of restore abilities.
You feel refreshed.
Jessica gestures wildly while chanting.
Jessica blinks!
Jessica points at you and mumbles some strange words.
Pain shoots through your body!
Ouch! That really hurt!
You die...

#.# #.....# #.#<#
#####.###.###.# #...#
#.........#
#.#######.#
#.####.#.##
#.........# #
#.#..###.#######.# #
#........# #.....###
##........# #####...#
##..##'##..## #.#.###
#..##@..##..# #.#....
#..#!.†..#..####....##
#..#!.@..#.......##.##
#..#....?#..####.##...
#..##...##...........#
#...#####..#####.###.#
#.#.......## #.# #.#
#.##.....## #.# #.#
#.######## #.# #.#


You could see Jessica.

Vanquished Creatures
  A giant mite (D:1)
  An ooze (D:1)
  9 bats
  2 giant cockroaches
  5 goblins (D:1)
  7 hobgoblins
  3 kobolds
  A quokka (D:2)
  A giant gecko (D:1)
  3 giant newts (D:1)
  4 rats
37 creatures vanquished.

Notes
Turn   | Place    | Note
--------------------------------------------------------------
     0 | D:1      | monobi, the Demonspawn Gladiator, began the quest for the Orb.
     0 | D:1      | Reached XP level 1. HP: 16/16 MP: 1/1
   110 | D:1      | Reached skill level 3 in Dodging
   134 | D:1      | Gained mutation: You are surrounded by a mild repulsion field (EV +2). [demonic ancestry]
   134 | D:1      | Reached XP level 2. HP: 19/22 MP: 2/2
   479 | D:1      | Gained mutation: You sometimes gain a little power by taking damage. [demonic ancestry]
   479 | D:1      | Reached XP level 3. HP: 19/27 MP: 3/3
  1056 | D:2      | Found a sacrificial altar of Ru.
  1146 | D:2      | Noticed Jessica
  1160 | D:2      | Killed from afar by Jessica

Action                   || total
-------------------------++-------
Melee: Trident           ||   129
  Use: Potion            ||     1
  Eat: Chunk             ||     1
